 Dungeon Crawl Stone Soup version 0.29.1-12-g30fa7ad0bf (webtiles) character file.

Game seed: 17086398711085737804

1066 IcyTea the Basher (level 8, -5/46 HPs)
             Began as a Gargoyle Monk on Jan 16, 2023.
             Was a Priest of Zin.
             Slain by an ice beast (8 damage)
             ... on level 5 of the Dungeon.
             The game lasted 00:15:12 (6186 turns).

IcyTea the Basher (Gargoyle Monk)                   Turns: 6186, Time: 00:15:13

Health: -5/46      AC: 17    Str: 17    XL:     8   Next: 28%
Magic:  8/8        EV:  5    Int: 11    God:    Zin [***...]
Gold:   159        SH:  0    Dex: 12    Spells: 7/7 levels left

rFire   . . .      SeeInvis .   p - +0 flail
rCold   . . .      Faith    .   (no shield)
rNeg    + + +      Spirit   .   u - +0 plate armour
rPois   ∞          Reflect  .   o - +0 helmet
rElec   +          Harm     .   (no cloak)
rCorr   .          Rampage  .   j - +0 pair of gloves
Will    .....                   (no boots)
Stlth   ..........              (no amulet)
HPRegen 0.15/turn               n - ring of positive energy
MPRegen 0.11/turn               q - ring of positive energy

@: no status effects
A: sickness immunity, AC +5, negative energy resistance 1, electricity
resistance, torment resistance 1, petrification resistance
a: Renounce Religion, Recite, Vitalisation, Imprison, Donate Gold


You were on level 5 of the Dungeon.
You worshipped Zin.
Zin was most pleased with you.
You visited 1 branch of the dungeon, and saw 5 of its levels.

You collected 176 gold pieces.
You donated 17 gold pieces to Zin.

Inventory:

Hand Weapons
 a - a +0 mace
 p - a +0 flail (weapon)
Armour
 b - a +0 robe
 d - a +0 chain mail
 j - a +0 pair of gloves (worn)
 o - a +0 helmet (worn)
 u - a +0 plate armour (worn)
Jewellery
 n - a ring of positive energy (left hand)
 q - a ring of positive energy (right hand)
Wands
 m - a wand of acid (6)
 v - a wand of charming (9)
 A - a wand of flame (12)
Scrolls
 e - 3 scrolls of blinking
 f - a scroll of amnesia
 g - 2 scrolls of poison
 l - a scroll of immolation
 r - 2 scrolls of teleportation {unknown}
 t - a scroll of enchant armour {unknown}
 w - a scroll of fear {unknown}
 x - a scroll of summoning {unknown}
 y - 2 scrolls of enchant weapon {unknown}
 B - 2 scrolls of identify
Potions
 c - a potion of ambrosia
 h - a potion of attraction
 i - 2 potions of heal wounds
 k - a potion of brilliance
 s - a potion of curing
 z - a potion of flight {unknown}


   Skills:
 - Level 3.2 Fighting
 + Level 10.0 Maces & Flails
 - Level 2.4 Dodging
 - Level 2.1 Stealth


You had 7 spell levels left.
You didn't know any spells.
Your spell library contained the following spells:

 Spells                   Type           Power      Damage    Failure   Level
 Apportation              Tloc           0%         N/A       100%        1
 Necrotise                Necr           0%         1d4       100%        1
 Summon Small Mammal      Summ           0%         N/A       100%        1
 Airstrike                Air            0%         2d(0-16)  100%        4
 Summon Lightning Spire   Summ/Air       0%         N/A       100%        4
 Lightning Bolt           Conj/Air       0%         1d11      100%        5


Dungeon Overview and Level Annotations

Branches:
Dungeon (5/15)
 Temple: D:4-7

Altars:
Wu Jian
Zin


Innate Abilities, Weirdness & Mutations

You are immune to sickness and miasma.
Your stone body is resilient. (AC +5)
You are immune to poison.
You resist negative energy. (rN+)
You are resistant to electric shocks. (rElec)
You are resistant to unholy torment.
You are immune to petrification.


Message History

You hit Menkaure.
Menkaure is heavily damaged.
Menkaure hits you!
You hit Menkaure.
Menkaure is heavily damaged.
Menkaure murmurs drily.
Menkaure hits you. x2
You hit Menkaure. You punch Menkaure.
Menkaure is almost destroyed.
Menkaure hits you!
You barely miss Menkaure.
Menkaure is almost destroyed.
Menkaure calls on the powers of darkness!
Your body is wracked with pain!
The ice beast convulses!
You sock Menkaure!
You destroy Menkaure!
Zin accepts your kill.
Your Maces & Flails skill increases to level 10!
You hit the ice beast but do no damage.
You punch the ice beast, but do no damage.
The ice beast is heavily wounded.
The ice beast hits you but does no damage.
You barely miss the ice beast.
The ice beast is heavily wounded.
The ice beast hits you but does no damage.
You closely miss the ice beast.
The ice beast is heavily wounded.
The ice beast hits you. The ice beast freezes you!
* * * LOW HITPOINT WARNING * * *
You barely miss the ice beast.
The ice beast is heavily wounded.
The ice beast hits you but does no damage.
The ice beast attacks as you move away!
The ice beast hits you but does no damage.
You thump the ice beast! Your punch misses the ice beast.
The ice beast is severely wounded.
The ice beast hits you.
* * * LOW HITPOINT WARNING * * *
The ice beast freezes you!
You die...

#.### ##.#. ...
#########.######
........#.##...###########
.....>.Y.......'..........
#.#####.#.##...#######.###
#M#Y##...# #....
#.#@###### #.### #.#.# #.#
#.#.# ########.# #.#.#
#.....##.## #[#.#
#.###.....# #.# #.#
#.....# ..# ###.# #.....#
### #...# #.....#
#.#####)##.##


You could see an ice beast.

Vanquished Creatures
  Grinder (D:3)
  Menkaure (D:5)
  A water moccasin (D:5)
  An ogre (D:5)
  A gnoll sergeant (D:5)
  2 scorpions (D:5)
  Jessica (D:3)
  2 iguanas (D:4)
  2 orc wizards (D:3)
  Robin (D:3)
  5 gnolls (D:5)
  5 adders
  A shadow imp (D:3)
  3 worms
  6 dart slugs
  17 orcs
  8 endoplasms
  2 giant cockroaches (D:1)
  8 goblins
  12 hobgoblins
  4 jackals (D:2)
  5 quokkas
  10 ball pythons
  9 bats
  A frilled lizard (D:1)
  5 kobolds (D:4)
  22 rats
136 creatures vanquished.

Notes
Turn   | Place    | Note
-------+----------+-------------------------------------------
     0 | D:1      | IcyTea the Gargoyle Monk began the quest for the Orb.
     0 | D:1      | Reached XP level 1. HP: 14/14 MP: 1/1
   328 | D:1      | Found a faded altar of an unknown god.
   396 | D:1      | Reached XP level 2. HP: 13/19 MP: 2/2
   907 | D:1      | Reached skill level 4 in Maces & Flails
   981 | D:1      | Reached XP level 3. HP: 20/23 MP: 3/3
  1985 | D:2      | Reached XP level 4. HP: 21/28 MP: 4/4
  2319 | D:3      | Reached skill level 5 in Maces & Flails
  2405 | D:3      | Noticed Robin
  2516 | D:3      | Killed Robin
  2879 | D:3      | Noticed Jessica
  2898 | D:3      | Reached XP level 5. HP: 18/32 MP: 5/5
  2899 | D:3      | Killed Jessica
  3148 | D:3      | Reached skill level 6 in Maces & Flails
  3547 | D:3      | Reached XP level 6. HP: 21/37 MP: 6/6
  3697 | D:3      | Noticed Grinder
  3697 | D:3      | Paralysed by Grinder for 3 turns
  3705 | D:3      | Paralysed by Grinder for 4 turns
  3718 | D:3      | Paralysed by Grinder for 3 turns
  3735 | D:3      | Paralysed by Grinder for 3 turns
  3739 | D:3      | Killed Grinder
  3740 | D:3      | Reached skill level 7 in Maces & Flails
  4008 | D:3      | Found a glowing silver altar of Zin.
  4019 | D:3      | Became a worshipper of Zin the Law-Giver
  4019 | D:3      | Reached * piety under Zin
  4019 | D:3      | Reached ** piety under Zin
  4192 | D:4      | Reached XP level 7. HP: 36/41 MP: 7/7
  4677 | D:4      | Found an ornate altar of the Wu Jian Council.
  4740 | D:4      | Reached skill level 8 in Maces & Flails
  5179 | D:5      | Entered Level 5 of the Dungeon
  5429 | D:5      | Reached skill level 9 in Maces & Flails
  5586 | D:5      | Reached *** piety under Zin
  5787 | D:5      | Reached XP level 8. HP: 36/46 MP: 8/8
  6169 | D:5      | Noticed Menkaure
  6180 | D:5      | Killed Menkaure
  6181 | D:5      | Reached skill level 10 in Maces & Flails
  6186 | D:5      | Slain by an ice beast

Illustrated notes

Levels and vault maps discovered:
D:1:      erik_arrival_triangle_small, layout_basic,
          shapermc_ecumenical_altar_ellora
D:2:      layout_loops_ring, hangedman_feature_mirror
D:3:      layout_basic, lemuel_round_altar, uniq_jessica, uniq_robin,
          uniq_grinder
D:4:      layout_loops_cross, mainiacjoe_overflow_tiny_flanked,
          chequers_serial_rivers_small_3, minmay_liquid_box, minmay_rat_hole
D:5:      layout_basic, uniq_menkaure

Skill      XL: |  1  2  3  4  5  6  7  8 |
---------------+-------------------------+-----
Maces & Flails | 4 5 6 7 9 10 | 10.0
Fighting       | |  3.2
Dodging        | |  2.4
Stealth        | |  2.1

Action                   |  1- 3 |  4- 6 |  7- 9 || total
-------------------------+-------+-------+-------++-------
Melee: Mace              |   124 |   193 |       ||   317
       Punch             |     2 |       |     4 ||     6
       Flail             |       |    11 |   244 ||   255
Invok: Recite            |       |       |     1 ||     1
  Use: Scroll            |       |     5 |     3 ||     8
       Potion            |       |     5 |     1 ||     6
 Stab: Sleeping          |     1 |       |       ||     1
Armor: Robe              |     6 |       |       ||     6
       Chain mail        |    79 |   176 |    11 ||   266
       Plate armour      |       |       |   141 ||   141
Dodge: Dodged            |    60 |    80 |    47 ||   187
